 Dungeon Sprint DCSS version 0.26-a0-663-g36e8fdb655 (webtiles) character file.

Game seed: 12820453969956188496

1324 olmar the Protected (level 8, -8/123 HPs)
             Began as a Minotaur Fighter on Oct 12, 2020.
             Was an Initiate of Gozag.
             Splashed by an oklob plant's acid (9 damage)
             ... in the Dungeon (Sprint IV: "Fedhas' Mad Dash").
             The game lasted 00:04:44 (4176 turns).

olmar the Protected (Minotaur Fighter)              Turns: 4176, Time: 00:04:45

Health: -8/123     AC:  8    Str: 24    XL:     8   Next: 33%
Magic:  7/7        EV:  2    Int:  9    God:    Gozag
Gold:   493        SH: 12    Dex: 11    Spells: 7/7 levels left

rFire    . . .     SeeInvis .   b - +1 scimitar of the Coin {vorpal, Fragile Str+2 Int+4} (curse)
rCold    . . .     Faith    .   c - +0 kite shield
rNeg     + + +     Spirit   .   (armour currently unavailable)
rPois    +         Reflect  .   (helmet currently unavailable)
rElec    .         Harm     .   (cloak currently unavailable)
rCorr    .         Rampage  .   (gloves currently unavailable)
MR       .....     NoTele   +   (boots currently unavailable)
Stlth    ++........             d - amulet of invisibility {+Inv}
HPRegen  0.30/turn              i - +4 ring of protection
MPRegen  0.10/turn              (no ring)

@: tree-form, corroded, hasted, very quick
A: (retaliatory headbutt)
a: Potion Petition, Call Merchant, Bribe Branch, Renounce Religion, Evoke
Invisibility


You were in the Dungeon.
You worshipped Gozag.
Gozag was aware of your devotion.
You were a tree.
You visited 1 branch You collected 1185 gold pieces.
You spent 692 gold pieces at shops.

Inventory:

Hand Weapons
 a - a +0 flail
 b - the cursed +1 scimitar of the Coin (weapon) {vorpal, Fragile Str+2 Int+4}
   (You found it in the Dungeon)

   It inflicts extra damage upon your enemies.
   It affects your strength (+2).
   It affects your intelligence (+4).
   It will be destroyed if unequipped.
   It has a curse placed upon it.
Armour
 c - a +0 kite shield (worn)
 m - a +4 ring mail of fire resistance (melded)
 n - a scarf of repulsion (melded)
Jewellery
 d - the amulet of invisibility (around neck) {+Inv}
   (You found it in the Dungeon)

   [amulet of nothing]

   It lets you turn invisible.
 i - a +4 ring of protection (left branch)
Scrolls
 j - a scroll of blinking
 l - 3 scrolls of identify
Potions
 e - 4 potions of curing
 f - a potion of heal wounds
 h - 2 potions of magic


   Skills:
 + Level 11.2 Fighting
 + Level 1.9 Long Blades
 - Level 8.7 Maces & Flails
 + Level 11.3 Armour
 + Level 3.1 Stealth
 + Level 11.2 Shields
 + Level 5.4 Evocations


You had 7 spell levels left.
You didn't know any spells.
Your spell library contained the following spells:

 Spells                   Type           Power        Failure   Level
 Poisonous Vapours        Pois/Air       #.....       69%         2
 Ignite Poison            Fire/Tmut/Pois #.......     89%         3
 Shadow Creatures         Summ           N/A          100%        6


Dungeon Overview and Level Annotations

Branches:
Dungeon (1/1)

Altars:
Cheibriados
Dithmenos
Elyvilon
Gozag
Hepliaklqana
Kikubaaqudgha
Makhleb
Nemelex Xobeh
Okawaru
Qazlal
Ru
Sif Muna
Trog
Uskayaw
Vehumet
Wu Jian
Xom
Yredelemnul
Zin
The Shining One
Beogh
Jiyva
Lugonu

Shops:
D :[*[

Annotations:
D exclusions: 2 oklob plants and oklob sapling


Innate Abilities, Weirdness & Mutations

((You reflexively headbutt those who attack you in melee.))
((You have a pair of horns on your head.))


Message History

The oklob plant spits acid at you. The splash of acid hits you.
The acid corrodes you!
You are splashed with acid!
* * * LOW HITPOINT WARNING * * *
You hit the oklob plant but do no damage.
The oklob plant is moderately damaged.
The oklob plant spits acid at you. The splash of acid hits you!
* * * LOW HITPOINT WARNING * * *
You are splashed with acid!
* * * LOW HITPOINT WARNING * * *
You fail to use your ability.
Unknown command.
You hit the oklob plant but do no damage.
The oklob plant is moderately damaged.
The oklob plant spits acid at you. The splash of acid hits you!
* * * LOW HITPOINT WARNING * * *
You are splashed with acid!
You die...
Your body crumbles into a pile of gold.

#<..P#.....#.....#.
#PP..'.....'.#...'.
#PPPP#.....#.#...#.
###############'##.
#...♣........'...#.
#......♣.....#...##
#.....♣..♣..######
##'####'######P=
#)♣#....+......f
#P.#..###P...P..
####### #######


You could see an oklob plant.

Vanquished Creatures
  2 burning bushes (D)
  A queen bee (D)
  2 wandering mushrooms (D)
  2 scorpions (D)
  4 killer bees (D)
  4 oklob saplings (D)
  A worker ant (D)
  2 spriggans (D)
  A river rat (D)
  A rat (D)
20 creatures vanquished.

Vanquished Creatures (others)
  A wandering mushroom (D)
1 creature vanquished.

Grand Total: 21 creatures vanquished

Notes
Turn   | Place    | Note
-------+----------+-------------------------------------------
     0 | D        | olmar the Minotaur Fighter began the quest for the Orb.
     0 | D        | Reached XP level 1. HP: 19/19 MP: 0/0
     9 | D        | Reached XP level 2. HP: 19/28 MP: 1/1
   203 | D        | Noticed an oklob sapling
   205 | D        | Killed an oklob sapling
   205 | D        | Reached skill level 5 in Fighting
   205 | D        | Reached skill level 5 in Armour
   205 | D        | Reached skill level 5 in Shields
   205 | D        | Reached XP level 3. HP: 36/36 MP: 2/2
   208 | D        | Found the amulet of invisibility {+Inv}
   220 | D        | Noticed an oklob sapling
   223 | D        | Killed an oklob sapling
   223 | D        | Reached XP level 4. HP: 19/45 MP: 3/3
   400 | D        | Found an opulent altar of Gozag.
   400 | D        | Found a hazy altar of Hepliaklqana.
   400 | D        | Found a roughly hewn altar of Beogh.
   400 | D        | Found a snail-covered altar of Cheibriados.
   401 | D        | Found a viscous altar of Jiyva.
   401 | D        | Found a burning altar of Makhleb.
   401 | D        | Found a sparkling altar of Nemelex Xobeh.
   401 | D        | Found a sacrificial altar of Ru.
   401 | D        | Found a shimmering blue altar of Sif Muna.
   401 | D        | Found a bloodstained altar of Trog.
   401 | D        | Found an ornate altar of the Wu Jian Council.
   401 | D        | Found a shimmering altar of Xom.
   401 | D        | Found a basalt altar of Yredelemnul.
   402 | D        | Found an iron altar of Okawaru.
   402 | D        | Found a shadowy altar of Dithmenos.
   402 | D        | Found a glowing silver altar of Zin.
   403 | D        | Found an ancient bone altar of Kikubaaqudgha.
   403 | D        | Found a hide-covered altar of Uskayaw.
   404 | D        | Found a stormy altar of Qazlal.
   404 | D        | Found a white marble altar of Elyvilon.
   404 | D        | Found a glowing golden altar of the Shining One.
   405 | D        | Found a radiant altar of Vehumet.
   405 | D        | Found a corrupted altar of Lugonu.
   412 | D        | Reached skill level 5 in Maces & Flails
   420 | D        | Became a worshipper of Gozag Ym Sagoz the Greedy
   561 | D        | Reached skill level 1 in Evocations
   561 | D        | Reached XP level 5. HP: 41/52 MP: 1/4
   745 | D        | Found Jaodghaf's Armour Shop.
   745 | D        | Found Yryxt's Book Emporium.
   862 | D        | Bought a +4 ring mail of fire resistance for 310 gold
                  | pieces
   874 | D        | Noticed a burning bush
   874 | D        | Noticed a wandering mushroom
   875 | D        | Noticed a wandering mushroom
   881 | D        | Reached XP level 6. HP: 62/62 MP: 5/5
  1675 | D        | Killed a burning bush
  1675 | D        | Reached skill level 10 in Armour
  1675 | D        | Reached XP level 7. HP: 57/71 MP: 6/6
  1678 | D        | Found Ewyphoh's Armour Emporium.
  1678 | D        | Found Depsurpha's General Store.
  1683 | D        | Got a fine scimitar
  1684 | D        | Identified the cursed +1 scimitar of the Coin {vorpal,
                  | Fragile Str+2 Int+4} (You found it in the Dungeon)
  1686 | D        | Bought a scroll of identify for 28 gold pieces
  1686 | D        | Bought 2 potions of curing for 84 gold pieces
  1686 | D        | Bought 2 potions of curing for 84 gold pieces
  1707 | D        | Bought a scarf of repulsion for 144 gold pieces
  1750 | D        | Noticed a queen bee
  1787 | D        | Reached skill level 1 in Stealth
  1789 | D        | Reached skill level 10 in Fighting
  1801 | D        | Reached skill level 10 in Shields
  2240 | D        | Killed a queen bee
  2240 | D        | Reached XP level 8. HP: 26/81 MP: 5/7
  2508 | D        | Noticed an oklob plant
  2789 | D        | Noticed a burning bush
  2791 | D        | Identified the Volume of Noxious Companions
  2795 | D        | Killed a burning bush
  2795 | D        | Reached skill level 5 in Evocations
  3435 | D        | Noticed a burning bush
  3435 | D        | Noticed an oklob plant
  3436 | D        | Noticed a wandering mushroom
  3668 | D        | Reached skill level 1 in Long Blades
  3885 | D        | Bought a potion of curing for 42 gold pieces
  4176 | D        | HP: 1/123 [oklob plant/splash of acid (8)]
  4176 | D        | Splashed by an oklob plant's acid

Illustrated notes

Levels and vault maps discovered:
D:        dungeon_sprint_fedhas [sprint_temple]

Skill      XL: |  1  2  3  4  5  6  7  8 |
---------------+-------------------------+-----
Fighting       | 4 5 6 7 8 9 10 11 | 11.2
Armour         | 4 5 6 8 9 10 11 | 11.3
Shields        | 4 5 6 7 8 9 10 11 | 11.2
Maces & Flails | 3 4 5 6 8 |  8.7
Evocations     | 1 2 3 4 5 |  5.4
Stealth        | 2 3 |  3.1
Long Blades    | 1 |  1.9

Action                   |  1- 3 |  4- 6 |  7- 9 || total
-------------------------+-------+-------+-------++-------
Melee: Flail             |    10 |    51 |       ||    61
       Headbutt          |     2 |    14 |    14 ||    30
       Scimitar          |       |       |    63 ||    63
 Abil: Evoke Invisibilit |       |     2 |     4 ||     6
  Use: Potion            |     1 |       |     6 ||     7
 Stab: Invisible         |       |       |     2 ||     2
Armor: Scale mail        |     3 |       |       ||     3
       Ring mail         |       |     6 |    16 ||    22
       Skin              |       |       |     1 ||     1
Dodge: Dodged            |       |    12 |    20 ||    32
       Repelled          |       |       |     5 ||     5
Block: Kite shield       |     2 |    13 |    38 ||    53
       Rpst.: Scimitar   |       |       |     9 ||     9

Table legend: (Time is in decaauts)
 A = Elapsed time spent in this place.
 B = Non-inter-level travel time spent in this place.
 C = Inter-level travel time spent in this place.
 D = Time resting spent in this place.
 E = Time spent auto-exploring this place.
 F = Levels seen in this place.
 G = Mean time per level.
                   A        B        C        D        E       F      G
               +--------+--------+--------+--------+--------+-----+--------+
         Total |   4210 |   4034 |    176 |   3477 |      0 |   1 | 4210.0 |
       Dungeon |   4210 |   4034 |    176 |   3477 |      0 |   1 | 4210.0 |
               +--------+--------+--------+--------+--------+-----+--------+

Top non-repeatable levels by time:
       D: 4210 daAuts
